Map: Old Republic LE

Players

HoldTheDoor

  • Race: Protoss Protoss
  • League: Diamond
  • Spawn Location: 1:00

llllllllllll - Winner!

  • Race: Protoss Protoss
  • Spawn Location: 7:00

VOD

Have the link to the VOD?

Description

Time

  • Played on: May 5, 2026, 12:41 p.m.
  • Length: 5:05
Show
View Real Time Build Order
Export as new Build Order

HoldTheDoor Protoss 

Build Orders:  

Get SALT Encoding   

  12  0:00  Probe  
  13  0:12  Probe  
  14  0:17  Pylon  
  14  0:24  Probe  
  15  0:32  Probe  
  15  0:39  Gateway  
  15  0:40  Probe  
  17  0:50  Probe  
  17  0:52  Assimilator  
  18  1:03  Probe  
  19  1:08  Assimilator  
  19  1:15  Probe  
  19  1:17  Pylon  
  20  1:27  Probe  
  20  1:32  Cybernetics Core  
  21  1:39  Probe  
  22  1:51  Probe  
  23  1:58  Stalker  
  23  2:02  Warp Gate  
  23  2:03  Probe  
  23  2:05  Pylon  
  24  2:08  Pylon  
  24  2:15  Probe  
  27  2:23  Gateway  
  27  2:24  Stalker  
  30  2:44  Probe  
  30  2:53  Gateway  
  30  2:55  Pylon  
  30  2:56  Sentry  
  32  3:03  Pylon  
  32  3:04  Gateway  
  32  3:18  Shield Battery  
  32  3:25  Pylon  
  32  3:51  Adept x3  
  38  3:59  Adept  
  36  4:16  Stalker x3  
  24  4:40  Stalker x2  
  26  4:57  Sentry  
Show
View Real Time Build Order
Export as new Build Order

llllllllllll Protoss - Winner!

Build Orders:  

Get SALT Encoding   

  12  0:00  Probe  
  13  0:12  Probe  
  14  0:17  Pylon  
  14  0:23  Probe  
  15  0:32  Probe  
  15  0:39  Gateway  
  15  0:40  Probe  
  16  0:47  Assimilator  
  17  0:50  Probe  
  18  0:57  Assimilator  
  18  1:03  Probe  
  19  1:09  Gateway  
  19  1:15  Probe  
  20  1:27  Probe  
  20  1:28  Cybernetics Core  
  21  1:39  Pylon  
  21  1:40  Probe  
  22  1:52  Probe  
  23  2:01  Stalker x2  
  23  2:04  Warp Gate  
  27  2:09  Pylon  
  27  2:20  Stalker x2  
  31  2:44  Probe  
  31  2:45  Stalker x2  
  35  3:13  Nexus  
  35  3:18  Sentry x2  
  39  3:24  Shield Battery  
  39  3:29  Pylon  
  39  3:39  Robotics Facility  
  39  3:47  Probe  
  40  3:52  Pylon  
  40  4:00  Probe  
  41  4:08  Shield Battery  
  39  4:11  Stalker  
  39  4:12  Probe  
  41  4:18  Stalker  
  41  4:24  Probe  
  34  4:32  Probe  
  34  4:36  Probe  
  38  4:45  Sentry  
  38  4:50  Sentry  
  43  5:01  Shield Battery  
Tags
 
League
Diamond
Matchup
PvP
Replay Pack
SC2Mai2026
Spawn Locations
Cross Positions
Add a new tag
Caveats
  • Supply blocks, unpowered buildings, or Contaminate may cause inaccurate times.
  • Supply counts are checked every 10 seconds.